 Dungeon Crawl Stone Soup version 0.25-a0-544-gee0576305d (webtiles) character file.

Game seed: 3790375188443743426, levelgen mode: deterministic

59453 Lugonue the Brawler (level 14, -2/124 HPs)
             Began as a Troll Fighter on Feb 20, 2020.
             Was the Champion of Wu Jian.
             Killed from afar by Louise (20 damage)
             ... with a bolt of lightning
             ... on level 15 of the Dungeon.
             The game lasted 00:52:43 (15266 turns).

Lugonue the Brawler (Troll Fighter)                Turns: 15266, Time: 00:52:43

Health: -2/124     AC: 13    Str: 31    XL:     14   Next: 53%
Magic:  13/13      EV: 15    Int:  4    God:    Wu Jian [******]
Gold:   1353       SH: 12    Dex:  9    Spells: 13/13 levels left

rFire    . . .     SeeInvis .     - Unarmed
rCold    . . .     Gourm    +   b - +0 kite shield
rNeg     . . .     Faith    .   O - +4 robe "Kadifi Raona" {Slay+3}
rPois    .         Spirit   .   (helmet restricted)
rElec    .         Reflect  .   Q - +2 cloak
rCorr    .         Harm     .   (gloves unavailable)
MR       ++...                  (boots unavailable)
Stlth    +.........             (no amulet)
HPRegen  0.70/turn              y - ring of protection from magic
MPRegen  0.13/turn              m - +3 ring of evasion

@: lethally poisoned (-2 -> -3), exhausted, about to teleport
A: large, unfitting armour, claws 3, fast metabolism 3, gourmand, regeneration
1, shaggy fur 1, tough skin 3
a: Wall Jump, Serpent's Lash, Heavenly Storm, Renounce Religion


You were on level 15 of the Dungeon.
You worshipped Wu Jian.
Wu Jian was exalted by your worship.
You were not hungry.

You visited 3 branches of the dungeon, and saw 21 of its levels.
You also visited: Sewer.

You collected 1578 gold pieces.
You spent 225 gold pieces at shops.

Inventory:

Missiles
 C - 12 boomerangs (quivered)
 F - 11 large rocks
 H - a silver javelin
Armour
 b - a +0 kite shield (worn)
 q - a scarf of repulsion
 E - a +4 troll leather armour
 O - the +4 robe "Kadifi Raona" (worn) {Slay+3}
   (You found it on level 14 of the Dungeon)

   It affects your accuracy and damage with ranged weapons and melee attacks
   (+3).
   If you remove this armour, your AC will decrease by 6 (13 -> 7).
 Q - a +2 cloak (worn)
Jewellery
 j - an uncursed ring of resist corrosion
 m - a +3 ring of evasion (right claw)
 y - a ring of protection from magic (left claw)
 K - an uncursed ring of fire
 N - an uncursed ring of wizardry
Wands
 a - a wand of digging (2)
 e - a wand of iceblast (37)
 h - a wand of scattershot (11)
 k - a wand of enslavement (6)
 n - a wand of polymorph (57)
 o - a wand of disintegration (8)
 v - a wand of flame (20)
 B - a wand of random effects (16)
Scrolls
 f - 10 scrolls of identify
 g - a scroll of vulnerability
 i - 3 scrolls of fog
 r - 2 scrolls of amnesia
 u - 7 scrolls of remove curse
 w - 2 scrolls of teleportation
 A - a scroll of fear
 I - 2 scrolls of enchant armour
 J - 2 scrolls of magic mapping
 M - a scroll of blinking
 P - a scroll of enchant weapon
Potions
 c - 11 potions of curing
 l - a potion of magic
 p - 3 potions of ambrosia
 s - 3 potions of brilliance
 t - 7 potions of flight
 x - a potion of stabbing
 z - 5 potions of invisibility
 D - 2 potions of might
 G - 4 potions of haste
Comestibles
 d - 26 rations


   Skills:
 + Level 4.5 Fighting
 + Level 4.3 Throwing
 + Level 2.7 Armour
 + Level 7.0 Dodging
 * Level 10.5 Shields
 + Level 18.9 Unarmed Combat


You had 13 spell levels left.
You didn't know any spells.
Your spell library contained the following spells:

 Spells                   Type           Power        Failure   Level  Hunger
 Animate Skeleton         Necr           N/A          50%         1    ##.....
 Corona                   Hex            #......      50%         1    ##.....
 Infusion                 Chrm           #...         50%         1    ##.....
 Magic Dart               Conj           #...         50%         1    ##.....
 Pain                     Necr           #...         50%         1    ##.....
 Summon Small Mammal      Summ           #...         50%         1    ##.....
 Call Imp                 Summ           #.......     65%         2    ###....
 Ensorcelled Hibernation  Hex/Ice        #.....       65%         2    ###....
 Slow                     Hex            #.......     65%         2    ###....
 Call Canine Familiar     Summ           #.......     86%         3    ####...
 Confusing Touch          Hex            #.......     86%         3    ####...
 Dazzling Flash           Conj/Hex       #.....       86%         3    ####...
 Gell's Gravitas          Tloc           #.........   86%         3    ####...
 Inner Flame              Hex/Fire       #.......     86%         3    ####...
 Portal Projectile        Hex/Tloc       #.....       86%         3    ####...
 Summon Guardian Golem    Hex/Summ       #.......     86%         3    ####...
 Tukima's Dance           Hex            #.......     86%         3    ####...
 Cause Fear               Hex            #.........   99%         4    #####..
 Leda's Liquefaction      Hex/Erth       #.........   99%         4    #####..
 Petrify                  Tmut/Erth      #.......     99%         4    #####..
 Summon Ice Beast         Ice/Summ       #.......     99%         4    #####..
 Summon Lightning Spire   Summ/Air       #.......     99%         4    #####..
 Metabolic Englaciation   Hex/Ice        #.........   100%        5    ######.
 Yara's Violent Unravell  Hex/Tmut       #.........   100%        5    ######.


Dungeon Overview and Level Annotations

Branches:
Dungeon (15/15)            Temple (0/1) D:5            Lair (4/6) D:8
  Snake (0/4) Lair:4          Orc (2/2) D:10            Elf (0/3) Orc:2
 Vaults (0/5) D:13          Sewer (visited)
  Swamp: Lair:2-4    Shoals: Lair:2-4    Depths: D:15

Altars:
Elyvilon
Gozag
Kikubaaqudgha
Makhleb
Nemelex Xobeh
Okawaru
Qazlal
Trog
Vehumet
Wu Jian
Xom
Beogh

Shops:
D:5 ?   D:10 (   D:14 (%*   Orc:1 ?   Orc:2 *((

Annotations:
D:9 2 transporters
D:13 3 runed translucent doors, Qaeqe's ghost, journeyman TrMo
D:15 Louise
Lair:3 3 runed translucent doors, exclusion: oklob plant, Duod's ghost, journeyman MiBe


Innate Abilities, Weirdness & Mutations

You are too large for most types of armour.
You have claws for hands.
Your metabolism is lightning-fast.
You like to eat raw meat.
Your natural rate of healing is unusually fast.
You are covered in fur. (AC +1)
You have extremely tough skin. (AC +3)


Message History

The tengu conjurer conjures a globe of magical energy!
A battlesphere comes into view.
Unknown command.
As you read the scroll of teleportation, it crumbles to dust.
You feel strangely unstable.
A sky beast comes into view.
The snapping turtle bites you from afar!
The cyclops throws a large rock.
The large rock closely misses you.
The tengu conjurer casts a spell at you.
The bolt of lightning hits you!!
* * * LOW HITPOINT WARNING * * *
The battlesphere fires!
The barrage of energy hits you.
* * * LOW HITPOINT WARNING * * *
The tengu conjurer gestures at you while chanting.
The zap hits you but does no damage.
The snapping turtle bites you but does no damage.
The cyclops throws a large rock.
The large rock barely misses you.
Louise points at you and mumbles some strange words.
The bolt of lightning hits you!!
You die...

##### ....#### ###....##
####### ### ######..#
##.....##... .# ##.###
##((......... .#
#...###..........). .#
###...#............ .#
###.#...@........
.##########.#.....†...Q..
..........#.#..t@(..*....
..........#.#.)........Y.
............##....C..Q...
.....(....#..))..........
##.#####.##..###.##..####
# .# #............... ..C
# #
##...........#######..####


You could see Louise, a snapping turtle, a cyclops, 2 tengu conjurers, a sky
beast and a battlesphere.

Vanquished Creatures
  Azrael (D:13)
  Snorg (D:13)
  2 ogre magi
  2 hydras
  A death knight (D:11)
  5 centaur warriors
  16 two-headed ogres
  2 tengu warriors (D:13)
  6 orc high priests (Orc:2)
  Urug (Lair:4)
  Sonja (D:13)
  A skeletal warrior (D:13)
  An unseen horror (D:10)
  A deep elf mage (D:12)
  An orc knight (D:13)
  Pikel (D:8)
  2 orc sorcerers (Orc:1)
  3 cyclopes
  A manticore (D:15)
  2 ugly things
  2 black mambas
  2 centaur zombies
  Maurice (D:8)
  2 gargoyles
  6 spiny frogs
  A rime drake (Lair:4)
  A freezing wraith (D:11)
  3 komodo dragons
  A troll (shapeshifter) (D:14)
  6 trolls
  Grinder (D:4)
  A hornet (D:10)
  4 slime creatures (D:13)
  5 hippogriffs
  3 shadows (D:15)
  A vampire (D:10)
  Sigmund (D:2)
  5 fire elementals (D:13)
  A spriggan (D:7)
  2 wraiths (D:11)
  25 yaks
  Grum (D:8)
  2 basilisks
  4 vampire mosquitoes (D:15)
  A redback simulacrum (D:15)
  9 wargs (Orc:2)
  Edmund (D:6)
  An acid dragon (D:12)
  7 water moccasins
  4 porcupines
  14 orc warriors
  4 sky beasts
  5 ice beasts
  A necrophage (D:10)
  A slave (D:8)
  3 black bears
  9 ogres
  4 phantoms
  9 wolves
  9 centaurs
  9 crocodiles
  A big kobold (D:13)
  10 bullfrogs
  Blork the orc (D:4)
  A wyvern zombie (D:7)
  A water moccasin skeleton (D:11)
  6 scorpions
  6 killer bees
  14 wights
  A howler monkey (D:5)
  3 crimson imps
  2 bullfrog zombies (D:11)
  5 jellies
  35 orc priests
  3 hounds
  Crazy Yiuf (D:5)
  7 centaur skeletons
  3 iguanas
  17 orc wizards
  12 worker ants
  A killer bee zombie (D:9)
  A hound zombie (D:6)
  A hound skeleton (D:4)
  3 gnolls (D:6)
  16 adders
  2 river rats (D:4)
  A shadow imp (D:11)
  An ooze (D:3)
  An adder skeleton (D:5)
  2 worms
  A dart slug (D:4)
  5 leopard geckos
  87 orcs
  3 ball pythons
  10 bats
  10 giant cockroaches
  4 goblins
  7 hobgoblins
  9 jackals
  7 quokkas
  8 frilled lizards
  9 kobolds
  A leopard gecko skeleton (D:4)
  9 rats
551 creatures vanquished.

Vanquished Creatures (others)
  A shadow (D:15)
  A slave (D:8)
  A crocodile (D:15)
  6 fungi
  7 plants
16 creatures vanquished.

Grand Total: 567 creatures vanquished

Notes
Turn   | Place    | Note
-------+----------+-------------------------------------------
     0 | D:1      | Lugonue the Troll Fighter began the quest for the Orb.
     0 | D:1      | Reached XP level 1. HP: 22/22 MP: 0/0
   299 | D:1      | Reached XP level 2. HP: 29/29 MP: 1/1
   377 | D:2      | Reached XP level 3. HP: 29/36 MP: 2/2
   496 | D:2      | Found a burning altar of Makhleb.
   719 | D:2      | Found an ancient bone altar of Kikubaaqudgha.
   762 | D:2      | Noticed Sigmund
   777 | D:2      | Killed Sigmund
   777 | D:2      | Reached skill level 3 in Unarmed Combat
   777 | D:2      | Reached XP level 4. HP: 23/44 MP: 3/3
   777 | D:2      | Reached XP level 5. HP: 27/52 MP: 4/4
  1069 | D:3      | Reached XP level 6. HP: 59/59 MP: 5/5
  1511 | D:4      | Found a bloodstained altar of Trog.
  1528 | D:4      | Found an ornate altar of the Wu Jian Council.
  1536 | D:4      | Became a worshipper of the Wu Jian Council
  1580 | D:4      | Reached skill level 4 in Unarmed Combat
  1708 | D:4      | Found a glowing drain.
  1747 | Sewer    | Entered a sewer
  1780 | Sewer    | Reached * piety under Wu Jian
  1970 | Sewer    | Reached XP level 7. HP: 43/66 MP: 6/6
  2032 | D:4      | Noticed Blork the orc
  2049 | D:4      | Killed Blork the orc
  2049 | D:4      | Reached skill level 5 in Unarmed Combat
  2116 | D:4      | Found a radiant altar of Vehumet.
  2119 | D:4      | Found a burning altar of Makhleb.
  2171 | D:4      | Noticed Grinder
  2183 | D:4      | Killed Grinder
  2192 | D:4      | Reached skill level 6 in Unarmed Combat
  2317 | D:5      | Entered Level 5 of the Dungeon
  2363 | D:5      | Found Iliwis's Magic Scroll Shoppe.
  2367 | D:5      | Reached XP level 8. HP: 72/75 MP: 7/7
  2385 | D:5      | Bought a scroll of enchant armour for 82 gold pieces
  2385 | D:5      | Bought a scroll of enchant armour for 82 gold pieces
  2482 | D:5      | Reached skill level 5 in Dodging
  2696 | D:5      | Found a staircase to the Ecumenical Temple.
  2715 | D:5      | Found an iron altar of Okawaru.
  2730 | D:5      | Reached skill level 7 in Unarmed Combat
  2772 | D:5      | Reached ** piety under Wu Jian
  2914 | D:5      | Found a runed translucent door.
  2915 | D:5      | Noticed Crazy Yiuf
  2957 | D:5      | Killed Crazy Yiuf
  3040 | D:6      | Found a stormy altar of Qazlal.
  3128 | D:6      | Noticed Edmund
  3151 | D:6      | Killed Edmund
  3151 | D:6      | Reached skill level 5 in Shields
  3311 | D:6      | Reached skill level 8 in Unarmed Combat
  3748 | D:7      | Reached XP level 9. HP: 81/81 MP: 8/8
  4046 | D:7      | Reached skill level 9 in Unarmed Combat
  4649 | D:8      | Reached *** piety under Wu Jian
  4649 | D:8      | Reached skill level 10 in Unarmed Combat
  4692 | D:8      | Noticed Grum
  4714 | D:8      | Reached XP level 10. HP: 42/91 MP: 9/9
  4719 | D:8      | Reached skill level 11 in Unarmed Combat
  4742 | D:8      | Found a staircase to the Lair.
  4826 | D:8      | Killed Grum
  5108 | D:8      | Identified Secret Knowledge 101
  5238 | D:8      | Noticed Pikel
  5249 | D:8      | Killed Pikel
  5249 | D:8      | Reached skill level 12 in Unarmed Combat
  5457 | D:8      | Noticed a two-headed ogre
  5469 | D:8      | Killed a two-headed ogre
  5601 | D:8      | Noticed Maurice
  5609 | D:8      | Killed Maurice
  5729 | D:9      | Found a transporter.
  5729 | D:9      | Noticed a centaur warrior
  5730 | D:9      | Found a transporter.
  5731 | D:9      | Noticed a deep elf mage
  6032 | D:9      | Found a shimmering altar of Xom.
  6039 | D:9      | Identified the +4 longbow "Jyrouwuu" {venom, *Slow rElec
                  | rPois rF+++}
  6232 | D:9      | Found a sparkling altar of Nemelex Xobeh.
  6233 | D:9      | Found an opulent altar of Gozag.
  6314 | D:10     | Entered Level 10 of the Dungeon
  6499 | D:10     | Reached XP level 11. HP: 35/97 MP: 10/10
  6746 | D:10     | Reached skill level 13 in Unarmed Combat
  6782 | D:10     | Found a staircase to the Orcish Mines.
  6819 | D:10     | Reached **** piety under Wu Jian
  6995 | D:10     | Killed an unseen horror
  7112 | D:10     | Noticed a two-headed ogre
  7124 | D:10     | Killed a two-headed ogre
  7124 | D:10     | Reached skill level 1 in Armour
  7342 | D:10     | Found Tiudd's Weapon Shoppe.
  7410 | D:11     | Noticed a white ugly thing
  7424 | D:11     | Killed a white ugly thing
  7489 | D:11     | Noticed a green ugly thing
  7544 | D:10     | Killed a green ugly thing
  7713 | Lair:1   | Entered Level 1 of the Lair of Beasts
  7837 | Lair:1   | Reached skill level 1 in Throwing
  8446 | Lair:2   | Noticed a five-headed hydra
  8453 | Lair:2   | Killed a five-headed hydra
  8453 | Lair:2   | Reached skill level 14 in Unarmed Combat
  8487 | Lair:2   | You fall into a shaft and drop 2 floors!
  8487 | Lair:4   | Found a staircase to the Snake Pit.
  8550 | Lair:4   | Noticed Urug
  8557 | Lair:4   | Killed Urug
  8583 | Lair:4   | Got a shimmering robe
  8598 | Lair:4   | Identified the +1 robe "Hituss" {MP+9 Dex+3} (You found it
                  | on level 4 of the Lair of Beasts)
  8651 | Lair:4   | Noticed an eight-headed hydra
  8787 | Lair:4   | Reached XP level 12. HP: 107/107 MP: 11/11
  8994 | Lair:3   | Noticed a seven-headed hydra
  9194 | Lair:3   | Found a runed translucent gate.
  9194 | Lair:3   | Found a runed translucent gate.
  9194 | Lair:3   | Found a runed translucent gate.
  9194 | Lair:3   | Noticed Duod's ghost (journeyman MiBe)
  9829 | Orc:1    | Entered Level 1 of the Orcish Mines
  9853 | Orc:1    | Paralysed by an orc sorcerer for 3 turns
  9877 | Orc:1    | Reached skill level 15 in Unarmed Combat
 10058 | Orc:2    | Entered Level 2 of the Orcish Mines
 10096 | Orc:2    | Reached ***** piety under Wu Jian
 10262 | Orc:2    | Noticed an orc high priest
 10273 | Orc:2    | Killed an orc high priest
 10273 | Orc:2    | Noticed an orc high priest
 10287 | Orc:2    | Killed an orc high priest
 10354 | Orc:2    | Found a roughly hewn altar of Beogh.
 10355 | Orc:2    | Noticed an orc high priest
 10371 | Orc:2    | Killed an orc high priest
 10594 | Orc:2    | Reached skill level 16 in Unarmed Combat
 10618 | Orc:2    | Found Dyjyrr's Weapon Boutique.
 10618 | Orc:2    | Found Tuhimm's Antique Weapon Emporium.
 10648 | Orc:2    | Noticed an orc high priest
 10683 | Orc:2    | Killed an orc high priest
 10742 | Orc:2    | Found a staircase to the Elven Halls.
 10879 | Orc:2    | Found a roughly hewn altar of Beogh.
 11123 | Orc:2    | Found Kyokarekh's Weapon Emporium.
 11123 | Orc:2    | Noticed an orc high priest
 11125 | Orc:2    | Found Manteah's Assorted Antiques.
 11125 | Orc:2    | Noticed an orc high priest
 11131 | Orc:2    | Killed an orc high priest
 11135 | Orc:2    | Killed an orc high priest
 11145 | Orc:2    | Bought 2 amethyst potions for 61 gold pieces
 11200 | Orc:1    | Found Xuproquga's Magic Scroll Boutique.
 11478 | D:11     | Reached XP level 13. HP: 114/114 MP: 12/12
 11528 | D:11     | Reached ****** piety under Wu Jian
 12261 | D:11     | Reached skill level 17 in Unarmed Combat
 12641 | D:12     | Found a white marble altar of Elyvilon.
 13281 | D:13     | Found a runed translucent gate.
 13281 | D:13     | Found a runed translucent gate.
 13281 | D:13     | Found a runed translucent gate.
 13313 | D:13     | Noticed Azrael
 13331 | D:13     | Reached skill level 18 in Unarmed Combat
 13538 | D:13     | Noticed Qaeqe's ghost (journeyman TrMo)
 13766 | D:13     | Killed Azrael
 13775 | D:13     | Noticed Sonja
 13862 | D:13     | Reached XP level 14. HP: 123/124 MP: 13/13
 13945 | D:13     | Noticed Snorg
 13958 | D:13     | Killed Snorg
 14010 | D:13     | Killed Sonja
 14010 | D:13     | Reached skill level 10 in Shields
 14076 | D:13     | Found a gate to the Vaults.
 14436 | D:14     | Found Qisad's Antique Weapon Shop.
 14509 | D:14     | Found Xosyiv's General Store.
 14525 | D:14     | Got a warped robe
 14536 | D:14     | Identified the +4 robe "Kadifi Raona" {Slay+3} (You found
                  | it on level 14 of the Dungeon)
 14617 | D:14     | Found Tyefetena's Food Shoppe.
 14899 | D:15     | Entered Level 15 of the Dungeon
 15259 | D:15     | Identified the -10 tower shield "Sosax" {Str+4}
 15259 | D:15     | Noticed Louise
 15266 | D:15     | Killed from afar by Louise

Levels and vault maps discovered:
D:1:      dpeg_arrival_pits, layout_loops_ring
D:2:      layout_rooms, marbit_many_paths, first_ration, bloody_makhleb,
          uniq_sigmund
D:3:      layout_basic
D:4:      layout_rooms, grunt_temple_overflow_lords_of_destruction,
          overflow_temple_1_default, nicolae_overflow_crystal_walls,
          portal_sewer_entry_a, uniq_blork_the_orc, uniq_grinder
D:5:      layout_loops_cross, okawaru_metal_pillars_3,
          minmay_temple_entry_drinking_statues, serial_shops, shop,
          uniq_crazy_yiuf_cottage
D:6:      layout_basic, nicolae_qazlal_general_emergency, uniq_edmund
D:7:      layout_loops_corners, the_bakery
D:8:      layout_basic, minmay_lair_entry_grove, uniq_grum, uniq_maurice,
          uniq_pikel
D:9:      layout_basic, grunt_temple_overflow_opulence,
          gammafunk_temple_overflow_arena
D:10:     layout_basic, orc_0_dummy, serial_shops, shop
D:11:     layout_gridville, minmay_fountain_box,
          hangedman_abyss_or_decor_lesser_grid, nrook_loot_triangle
D:12:     layout_basic, basic_altar
D:13:     layout_basic, hangedman_vaults_entry_quadrant_bands,
          gammafunk_ghost_necromancy, uniq_sonja, uniq_azrael, uniq_snorg
D:14:     layout_roguey, serial_shops, shop, nicolae_shop_trees, shop,
          hangedman_decor_points
D:15:     gammafunk_enter_depths_forms, layout_rooms, lemuel_flamethrower_hall,
          uniq_louise
Lair:1:   layout_regular_city, chequers_serial_rivers_micro_c
Lair:2:   layout_hall_layers, grunt_megastairs_1
Lair:3:   layout_long_grid, shoals_dummy_entry, ebering_ghost_rock_garden,
          roderic_carrion_pond, minmay_lair_oklob_chamber
Lair:4:   pond_and_an_island_with_a_cottage, layout_regular_city,
          dummy_snake_entry, nicolae_lair_grove_arrangements,
          hangedman_lair_generics_rect, uniq_urug
Orc:1:    layout_caves, serial_shops, shop
Orc:2:    st_orc_town, layout_caves, basic_altar

Skill      XL: |  1  2  3  4  5  6  7  8  9 10 11 12 13 14 |
---------------+-------------------------------------------+-----
Dodging        | 3 4 5 6 7 |  7.0
Shields        | 3 4 5 6 7 8 9 10 | 10.5
Unarmed Combat | 3 4 6 8 10 12 14 16 18 | 18.9
Fighting       | 3 4 |  4.5
Armour         | 2 |  2.7
Throwing       | 2 3 4 |  4.3

Action                   |  1- 3 |  4- 6 |  7- 9 | 10-12 | 13-15 || total
-------------------------+-------+-------+-------+-------+-------++-------
Melee: Unarmed           |   116 |   146 |   332 |   747 |   580 ||  1921
Throw: Stone             |       |    28 |    53 |    42 |       ||   123
       Large rock        |       |       |       |    19 |    14 ||    33
       Boomerang         |       |       |       |    23 |    37 ||    60
       Javelin           |       |       |       |     7 |       ||     7
Invok: Whirlwind         |       |     5 |    60 |   262 |   231 ||   558
       Lunge             |       |     1 |    19 |    41 |    30 ||    91
       Serpent's Lash    |       |       |       |       |     5 ||     5
Evoke: Wand              |       |       |       |     8 |    43 ||    51
  Use: Potion            |     3 |       |       |     5 |     2 ||    10
       Scroll            |       |       |     7 |    19 |    11 ||    37
  Eat: Chunk             |    11 |    13 |    17 |    50 |    24 ||   115
       Ration            |       |       |     2 |     4 |     2 ||     8
Armor: Robe              |    47 |    45 |    47 |    21 |    25 ||   185
       Troll leather arm |       |       |       |    52 |    65 ||   117
Dodge: Dodged            |    40 |    61 |    95 |   217 |   193 ||   606
       Deflected         |       |     1 |     2 |     5 |    15 ||    23
Block: Kite shield       |    60 |    77 |   107 |   245 |   245 ||   734

Table legend:
 A = Non-vault XP
 B = Vault XP
 C = Vault XP percentage of total XP
 D = Non-vault monster count
 E = Vault monster count
 F = Vault count percentage of total count
                 A         B        C        D         E       F
            +---------+---------+-------+---------+---------+-------
      Total |   59073 |   25861 |  30.4 |     416 |     134 |  24.4
            +---------+---------+-------+---------+---------+-------
        D:1 |      23 |       0 |   0.0 |      16 |       0 |   0.0
        D:2 |      56 |     236 |  80.8 |      19 |       2 |   9.5
        D:3 |      84 |       0 |   0.0 |      22 |       0 |   0.0
        D:4 |     295 |     441 |  59.9 |      16 |       7 |  30.4
        D:5 |     524 |      41 |   7.3 |      19 |       1 |   5.0
        D:6 |     659 |     157 |  19.2 |      22 |       1 |   4.3
        D:7 |     844 |     205 |  19.5 |      14 |       1 |   6.7
        D:8 |    2644 |    3483 |  56.8 |      17 |      18 |  51.4
        D:9 |     418 |       0 |   0.0 |      12 |       0 |   0.0
       D:10 |    4404 |       0 |   0.0 |      26 |       0 |   0.0
       D:11 |    8755 |       0 |   0.0 |      39 |       0 |   0.0
       D:12 |    4240 |       0 |   0.0 |      24 |       0 |   0.0
       D:13 |    8867 |   12546 |  58.6 |      40 |      28 |  41.2
       D:14 |    1296 |       0 |   0.0 |       4 |       0 |   0.0
       D:15 |   12536 |       0 |   0.0 |      28 |       0 |   0.0
     Lair:1 |    2253 |       0 |   0.0 |       8 |       0 |   0.0
     Lair:2 |    1838 |       0 |   0.0 |       8 |       0 |   0.0
     Lair:3 |    3153 |     202 |   6.0 |      14 |       1 |   6.7
     Lair:4 |    1802 |     824 |  31.4 |       6 |       1 |  14.3
      Orc:1 |    1870 |       0 |   0.0 |      19 |       0 |   0.0
      Orc:2 |    2512 |    7478 |  74.9 |      43 |      56 |  56.6
      Sewer |       0 |     248 | 100.0 |       0 |      18 | 100.0
            +---------+---------+-------+---------+---------+-------
